 Dungeon Crawl Stone Soup version 0.22-a0-348-gd16d139 (webtiles) character file.

9331 Amnesiac the Thrower (level 11, -5/53 HPs)
             Began as a Vine Stalker Gladiator on Apr 8, 2018.
             Was a High Priest of Okawaru.
             Killed from afar by a gargoyle (10 damage)
             ... with a stone arrow
             ... on level 10 of the Dungeon on Apr 9, 2018.
             The game lasted 00:15:29 (9013 turns).

Amnesiac the Thrower (Vine Stalker Gladiator)       Turns: 9013, Time: 00:15:30

Health: -5/53      AC: 14    Str: 19    XL:     11   Next: 44%
Magic:  0/12       EV: 10    Int:  8    God:    Okawaru [*****.]
Gold:   504        SH:  9    Dex: 17    Spells: 8/10 levels left

rFire    . . .     SeeInvis .   I - +2 dagger (venom)
rCold    . . .     Gourm    .   s - +0 buckler
rNeg     . . .     Faith    .   m - +0 chain mail
rPois    .         Spirit   +   A - +2 helmet
rElec    .         Reflect  +   (no cloak)
rCorr    .         Harm     .   (no gloves)
MR       +....                  z - +0 pair of boots
Stlth    ..........             v - +4 amulet of reflection
HPRegen  0.57/turn              (no ring)
MPRegen  0.13/turn              (no ring)

@: no status effects
A: fangs 3, regeneration 1, magic shield, antimagic bite, no potion heal 3, rot
immunity
a: Heroism, Finesse, Renounce Religion


You were on level 10 of the Dungeon.
You worshipped Okawaru.
Okawaru was extremely pleased with you.
You were not hungry.

You visited 2 branches of the dungeon, and saw 11 of its levels.
You also visited: Sewer and Ossuary.

You collected 504 gold pieces.

Inventory:

Hand Weapons
 y - a +2 dagger of distortion
 I - a +2 dagger of venom (weapon)
 J - a +0 hand axe of flaming
Missiles
 d - 5 throwing nets
 g - 31 poisoned needles
 x - 10 tomahawks (quivered)
 L - 8 javelins
Armour
 m - a +0 chain mail (worn)
 s - a +0 buckler (worn)
 z - a +0 pair of boots (worn)
 A - a +2 helmet (worn)
 K - a +0 cloak
Jewellery
 i - an uncursed amulet of the gourmand
 v - a +4 amulet of reflection (around neck)
Wands
 b - a wand of digging (11)
 p - a wand of disintegration (2)
 r - a wand of iceblast (9)
 H - a wand of random effects (36)
Scrolls
 a - 4 scrolls of remove curse {!r, unknown}
 j - a scroll of fog {!r, unknown}
 k - 3 scrolls of enchant weapon {!r, unknown}
 n - a scroll of fear {!r, unknown}
 o - 6 scrolls of teleportation {!r, unknown}
 t - 2 scrolls of magic mapping {!r, unknown}
 B - a scroll of blinking {!r, unknown}
 C - 3 scrolls of immolation {!r, unknown}
 E - 3 scrolls of enchant armour {!r}
 F - a scroll of amnesia {!r}
 G - a scroll of identify {!r}
Potions
 c - 3 potions of brilliance {!q}
 e - 6 potions of haste {!q}
 h - 3 potions of agility {!q}
 l - a potion of magic {!q, unknown}
 q - 5 potions of curing {!q}
 w - 2 potions of lignification {!q, unknown}
 D - 2 potions of might {!q}
Comestibles
 f - 20 rations


   Skills:
 + Level 4.2 Fighting
 - Level 8.0 Short Blades
 - Level 10.0 Throwing
 * Level 5.6 Armour
 * Level 5.6 Dodging
 - Level 4.5 Shields


You had 8 spell levels left.
You knew the following spells:

 Your Spells              Type           Power        Failure   Level  Hunger
a - Apportation           Tloc           #.....       99%         1    ##.....
z - Confusing Touch       Hex            #.....       99%         1    ##.....


Dungeon Overview and Level Annotations

Branches:
Dungeon (10/15)            Temple (1/1) D:7
   Lair: D:8-11         Orc: D:9-12

Altars:
Ashenzari
Cheibriados
Dithmenos
Elyvilon
Fedhas
Gozag
Hepliaklqana
Kikubaaqudgha
Makhleb
Nemelex Xobeh
Okawaru
Qazlal
Ru
Sif Muna
Trog
Uskayaw
Vehumet
Wu Jian
Xom
Yredelemnul
Zin
The Shining One

Shops:
D:4 =   D:8 :


Innate Abilities, Weirdness & Mutations

You have razor-sharp teeth.
Your natural rate of healing is unusually fast.
When hurt, damage is shared between your health and your magic reserves.
Your bite disrupts and absorbs the magic of your enemies.
Potions cannot restore your health.
You are immune to rotting.


Message History

Okay, then.
Evoke which item? (* to show all) (? for menu, Esc to quit)
Aiming: Disintegrate
Press: ? - help, Shift-Dir - straight line, f - gargoyle
Aim: a gargoyle, wielding a mace (lightly damaged, chance to defeat MR: 48%)
The gargoyle resists with some effort.
You block the gargoyle's attack.
Evoke which item? (* to show all) (? for menu, Esc to quit)
Aiming: Disintegrate
Press: ? - help, Shift-Dir - straight line, f/p - gargoyle
Aim: a gargoyle, wielding a mace (lightly damaged, chance to defeat MR: 48%)
The gargoyle resists with some effort.
The gargoyle hits you with a mace.
* * * LOW HITPOINT WARNING * * *
Evoke which item? (* to show all) (? for menu, Esc to quit)
Aiming: Disintegrate
Press: ? - help, Shift-Dir - straight line, f/p - gargoyle
Aim: a gargoyle, wielding a mace (lightly damaged, chance to defeat MR: 48%)
The gargoyle is blasted.
The gargoyle hits you with a mace.
* * * LOW HITPOINT WARNING * * *
Evoke which item? (* to show all) (? for menu, Esc to quit)
Aiming: Disintegrate
Press: ? - help, Shift-Dir - straight line, f/p - gargoyle
Aim: a gargoyle, wielding a mace (severely damaged, chance to defeat MR: 48%)
The gargoyle resists with some effort.
Evoke which item? (* to show all) (? for menu, Esc to quit)
Aiming: Disintegrate
Press: ? - help, Shift-Dir - straight line, f/p - gargoyle
Aim: a gargoyle, wielding a mace (severely damaged, chance to defeat MR: 48%)
The gargoyle resists with some effort.
The gargoyle hurls a stone arrow at you.
The stone arrow hits you!
Evoke which item? (* to show all) (? for menu, Esc to quit)
Aiming: Disintegrate
Press: ? - help, Shift-Dir - straight line, f/p - gargoyle
Aim: a gargoyle, wielding a mace (severely damaged, chance to defeat MR: 48%)
The gargoyle resists with some effort.
The gargoyle hurls a stone arrow at you.
The stone arrow reflects off an invisible shield around you!
The stone arrow hits the gargoyle.
Evoke which item? (* to show all) (? for menu, Esc to quit)
Aiming: Disintegrate
Press: ? - help, Shift-Dir - straight line, f/p - gargoyle
Aim: a gargoyle, wielding a mace (almost destroyed, chance to defeat MR: 48%)
The gargoyle resists with some effort.
The gargoyle hits you but does no damage.
Evoke which item? (* to show all) (? for menu, Esc to quit)
Aiming: Disintegrate
Press: ? - help, Shift-Dir - straight line, f/p - gargoyle
Aim: a gargoyle, wielding a mace (almost destroyed, chance to defeat MR: 48%)
The gargoyle resists with some effort.
The gargoyle barely misses you.
Evoke which item? (* to show all) (? for menu, Esc to quit)
Aiming: Disintegrate
Press: ? - help, Shift-Dir - straight line, f/p - gargoyle
Aim: a gargoyle, wielding a mace (almost destroyed, chance to defeat MR: 48%)
The gargoyle resists with some effort.
The gargoyle hurls a stone arrow at you.
The stone arrow hits you!
* * * LOW HITPOINT WARNING * * *
Evoke which item? (* to show all) (? for menu, Esc to quit)
Okay, then.
Okay, then.
Okay, then.
The gargoyle hurls a stone arrow at you.
The stone arrow hits you!
You die...

#.####### #####
.......########...######
#...@.............##.
#.#.########...#...#.
#9# ...........#. >..
...........'.
..##.#.#######....#. #..
.# #....#. ... # #....#.
###. #.#.##. #. #.#.##.


You could see a gargoyle.

Vanquished Creatures
  A hydra (D:9)
  A two-headed ogre (D:9)
  The ghost of Amnesiac the Slicer, a novice VSGl of Okawaru (D:8)
  A troll (D:9)
  Prince Ribbit (D:7)
  2 dream sheep (D:9)
  A hippogriff (D:9)
  12 yaks
  Grum (D:9)
  Edmund (D:5)
  A water moccasin (D:8)
  An orc warrior (D:6)
  Purgy (Sewer)
  A sky beast (D:9)
  3 phantoms
  2 black bears
  An ice beast (D:10)
  3 wolves (D:9)
  A necrophage (D:8)
  4 ogres
  A centaur (D:10)
  3 big kobolds (D:9)
  2 bullfrogs
  2 gnoll sergeants (D:8)
  9 scorpions
  2 water moccasin skeletons (D:9)
  5 killer bees (D:7)
  3 howler monkeys
  4 jellies
  3 bullfrog zombies
  3 crimson imps
  2 hounds
  A bullfrog skeleton (D:4)
  4 orc priests
  6 human zombies (Ossuary)
  2 iguanas
  7 orc wizards
  2 centaur skeletons (D:6)
  Ijyb (D:3)
  3 worker ants
  2 big kobold zombies (Ossuary)
  2 hound skeletons
  3 mummies (Ossuary)
  Robin (D:4)
  A howler monkey zombie (D:6)
  A worker ant zombie (D:6)
  12 gnolls
  A scorpion zombie (Ossuary)
  15 adders
  4 river rats (D:4)
  3 shadow imps
  2 oozes
  An adder skeleton (D:6)
  3 worms
  3 dart slugs
  3 leopard geckos
  29 orcs
  3 ball pythons
  13 bats
  2 bat zombies (D:7)
  5 giant cockroaches
  4 gnoll zombies (Ossuary)
  18 goblins
  12 hobgoblins
  10 jackals
  2 kobolds (D:1)
  2 quokkas
  3 frilled lizards
  A goblin zombie (Ossuary)
  3 hobgoblin zombies (Ossuary)
  A leopard gecko zombie (D:6)
  An orc zombie (Ossuary)
  2 quokka skeletons
  7 rats
  4 rat zombies (D:7)
284 creatures vanquished.

Notes
Turn   | Place    | Note
-------+----------+-------------------------------------------
     0 | D:1      | Amnesiac the Vine Stalker Gladiator began the quest for the Orb.
     0 | D:1      | Reached XP level 1. HP: 11/11 MP: 2/2
   203 | D:1      | Reached XP level 2. HP: 13/15 MP: 1/3
   390 | D:1      | Reached XP level 3. HP: 9/18 MP: 2/4
  1008 | D:2      | Found a glowing golden altar of the Shining One.
  1268 | D:2      | Gained mutation: Your natural rate of healing is unusually fast. [Vine Stalker growth]
  1268 | D:2      | Reached XP level 4. HP: 21/23 MP: 5/5
  2024 | D:3      | Reached skill level 5 in Short Blades
  2030 | D:3      | Learned a level 1 spell: Confusing Touch
  2032 | D:3      | Learned a level 1 spell: Apportation
  2043 | D:3      | Reached XP level 5. HP: 26/26 MP: 6/6
  2304 | D:3      | Noticed Ijyb
  2359 | D:3      | Killed Ijyb
  2359 | D:3      | Reached skill level 1 in Shields
  2995 | D:4      | Found Uvup's Jewellery Shop.
  3068 | D:4      | Reached XP level 6. HP: 30/30 MP: 7/7
  3288 | D:4      | Found a glowing drain.
  3331 | Sewer    | Entered a sewer
  3367 | Sewer    | Noticed Purgy
  3398 | Sewer    | Killed Purgy
  3398 | Sewer    | Reached XP level 7. HP: 20/34 MP: 6/8
  3508 | D:4      | Found a glowing silver altar of Zin.
  3514 | D:4      | Noticed Robin
  3556 | D:4      | Killed Robin
  3811 | D:5      | Entered Level 5 of the Dungeon
  3875 | D:5      | Noticed Edmund
  3907 | D:5      | Killed Edmund
  4066 | D:5      | Found a blossoming altar of Fedhas.
  4110 | D:5      | Gained mutation: You have razor-sharp teeth. [Vine Stalker growth]
  4110 | D:5      | Reached XP level 8. HP: 27/38 MP: 9/9
  4665 | D:6      | Reached skill level 2 in Throwing
  4673 | D:6      | Found a sparkling altar of Nemelex Xobeh.
  4731 | D:6      | Reached skill level 3 in Throwing
  4806 | D:6      | Reached skill level 4 in Throwing
  4903 | D:6      | Reached skill level 5 in Throwing
  5107 | D:7      | Found an ancient bone altar of Kikubaaqudgha.
  5197 | D:7      | Reached XP level 9. HP: 42/42 MP: 10/10
  5244 | D:7      | Found a staircase to the Ecumenical Temple.
  5284 | D:7      | Reached skill level 6 in Throwing
  5331 | Temple   | Entered the Ecumenical Temple
  5558 | Temple   | Became a worshipper of Warmaster Okawaru
  5808 | D:7      | Noticed Prince Ribbit
  5821 | D:7      | Killed Prince Ribbit
  5821 | D:7      | Reached skill level 7 in Throwing
  6086 | D:8      | Found a sand-covered staircase.
  6091 | Ossuary  | Entered an ossuary
  6220 | Ossuary  | Reached * piety under Okawaru
  6282 | Ossuary  | Reached skill level 8 in Throwing
  6611 | D:8      | Noticed Amnesiac's ghost (novice VSGl)
  6646 | D:8      | Killed Amnesiac's ghost
  6646 | D:8      | Reached ** piety under Okawaru
  6646 | D:8      | Reached skill level 9 in Throwing
  6646 | D:8      | Reached XP level 10. HP: 37/46 MP: 11/11
  6743 | D:8      | Found a shimmering altar of Xom.
  6786 | D:8      | Reached skill level 10 in Throwing
  6802 | D:8      | Reached skill level 1 in Armour
  7148 | D:8      | Found a burning altar of Makhleb.
  7284 | D:8      | Found Acemned's Book Boutique.
  7289 | D:8      | Found a shadowy altar of Dithmenos.
  7539 | D:8      | Reached *** piety under Okawaru
  7896 | D:9      | Noticed a two-headed ogre
  7896 | D:9      | Found a snail-covered altar of Cheibriados.
  7970 | D:9      | Killed a two-headed ogre
  7987 | D:9      | Noticed Grum
  8006 | D:9      | Killed Grum
  8071 | D:9      | Reached XP level 11. HP: 52/52 MP: 12/12
  8177 | D:9      | Reached **** piety under Okawaru
  8351 | D:9      | Reached skill level 5 in Armour
  8379 | D:9      | Noticed a two-headed hydra
  8389 | D:9      | Killed a one-headed hydra
  8389 | D:9      | Reached skill level 5 in Dodging
  8711 | D:9      | Reached ***** piety under Okawaru
  8931 | D:10     | Entered Level 10 of the Dungeon
  9013 | D:10     | Killed from afar by a gargoyle

Vault maps used:
D:1:      wheals_arrival_shading
D:2:      nicolae_tso_carved_into_rock
D:3:      kennysheep_the_goblin_king
D:4:      lemuel_round_altar, serial_shops, nicolae_shop_crystal,
          portal_sewer_entry_e, first_ration, minmay_misc_feat_encased,
          minmay_stone_trees_medium, uniq_robin
D:5:      nicolae_overflow_crystal_walls, uniq_edmund
D:6:      nemelex_dance_club_becter
D:7:      lemuel_ice_spiral_2, lemuel_zombie_altar_kikubaaqudgha,
          temple_fountains, uniq_prince_ribbit1
D:8:      makhleb_blood_cavern_becter, old_standard_altar, kennysheep_mini_moat,
          enter_ossuary_5, serial_shops, shop
D:9:      lemuel_round_altar, hangedman_ranch, kennysheep_small_circle,
          uniq_grum
D:10:     serial_shops, nicolae_shop_statue_plus,
          nicolae_trove_entry_path_of_doom
Temple:   eino_narrow_crystal_temple
Sewer:    sewer_big_baddie
Ossuary:  ossuary_minmay_scorpions

Skill      XL: |  1  2  3  4  5  6  7  8  9 10 11 |
---------------+----------------------------------+-----
Short Blades   | 3 4 5 7 8 |  8.0
Shields        | 2 4 |  4.5
Throwing       | 5 9 10 | 10.0
Armour         | 4 5 |  5.6
Fighting       | 3 4 |  4.2
Dodging        | 4 5 |  5.6

Action                   |  1- 3 |  4- 6 |  7- 9 | 10-12 || total
-------------------------+-------+-------+-------+-------++-------
Melee: Rapier            |    58 |       |       |       ||    58
       Bite              |    20 |   110 |   307 |   193 ||   630
       Dagger            |    33 |   343 |   757 |   472 ||  1605
       Hand axe          |       |       |       |     6 ||     6
Evoke: Wand              |       |     3 |     4 |     9 ||    16
  Use: Scroll            |       |       |     9 |       ||     9
       Potion            |       |       |     2 |       ||     2
 Stab: Sleeping          |     2 |       |       |       ||     2
  Eat: Chunk             |     1 |    16 |     3 |     8 ||    28
Armor: Leather armour    |    27 |       |       |       ||    27
       Chain mail        |     7 |   146 |   182 |    99 ||   434
Dodge: Dodged            |    45 |   108 |   152 |    93 ||   398
Block: Buckler           |       |    43 |   187 |   130 ||   360
       Reflection        |       |       |     4 |     2 ||     6

Table legend:
 A = Spawn XP
 B = Non-spawn XP
 C = Spawn XP percentage of total XP
 D = Spawn monster count
 E = Non-spawn monster count
 F = Spawn count percentage of total count
 G = Total turns spent on level
                    A         B        C        D         E        F      G
               +---------+---------+-------+---------+---------+-------+---------
         Total |       0 |   13331 |   0.0 |       0 |     284 |   0.0 |  9013
               +---------+---------+-------+---------+---------+-------+---------
           D:1 |       0 |      43 |   0.0 |       0 |      25 |   0.0 |   870
           D:2 |       0 |      90 |   0.0 |       0 |      17 |   0.0 |  1080
           D:3 |       0 |     130 |   0.0 |       0 |      19 |   0.0 |   874
           D:4 |       0 |     415 |   0.0 |       0 |      36 |   0.0 |   872
           D:5 |       0 |     458 |   0.0 |       0 |      14 |   0.0 |   609
           D:6 |       0 |    1053 |   0.0 |       0 |      36 |   0.0 |   655
           D:7 |       0 |     921 |   0.0 |       0 |      19 |   0.0 |   608
           D:8 |       0 |    2839 |   0.0 |       0 |      46 |   0.0 |  1430
           D:9 |       0 |    6034 |   0.0 |       0 |      34 |   0.0 |  1149
          D:10 |       0 |     281 |   0.0 |       0 |       3 |   0.0 |    82
         Sewer |       0 |     141 |   0.0 |       0 |       6 |   0.0 |   115
       Ossuary |       0 |     926 |   0.0 |       0 |      29 |   0.0 |   424
               +---------+---------+-------+---------+---------+-------+---------
